 Dungeon Crawl Stone Soup version 0.31.0-12-g77e489cdc1 (webtiles) character file.

Game seed: 2152857603511741351

21 Silvore the Trooper (level 2, 0/24 HPs)
             Began as a Demonspawn Fighter on Feb 17, 2024.
             Was a Follower of Wu Jian.
             Slain by Terence
             ... wielding a +0 mace
              (2 damage)
             ... on level 2 of the Dungeon.
             The game lasted 00:01:14 (811 turns).

Silvore the Trooper (Demonspawn Fighter)             Turns: 811, Time: 00:01:15

Health: 0/24       AC: 12    Str: 16    XL:     2   Next: 62%
Magic:  2/2        EV:  4    Int:  8    God:    Wu Jian [*.....]
Gold:   55         SH:  4    Dex: 12    Spells: 1/1 levels left

rFire   . . .        a - +0 long sword
rCold   . . .        c - +0 buckler
rNeg    . . .        h - +0 plate armour
rPois   .            (no helmet)
rElec   .            g - +0 cloak
rCorr   .            (no gloves)
SInv    .            (no boots)
Will    .....        f - amulet of magic regeneration Stlth
                     (no ring)
HPRegen 0.24/turn    (no ring)
MPRegen 0.48/turn

%: no passive effects
@: no status effects
A: claws 1
a: Renounce Religion


You were on level 2 of the Dungeon.
You worshipped Wu Jian.
Wu Jian was aware of your devotion.
You visited 1 branch of the dungeon, and saw 2 of its levels.

You collected 55 gold pieces.

Inventory:

Hand Weapons
 a - a +0 long sword (weapon)
Armour
 b - a +0 scale mail
 c - a +0 buckler (worn)
 g - a +0 cloak (worn)
 h - a +0 plate armour (worn)
Jewellery
 f - an amulet of magic regeneration (around neck)
 i - a +5 ring of evasion
Wands
 l - a wand of paralysis (8)
Scrolls
 e - a scroll of fear {unknown}
 k - a scroll of teleportation {unknown}
Potions
 d - a potion of might
 j - a potion of curing {unknown}


   Skills:
 + Level 3.2 Fighting
 + Level 2.0 Long Blades
 + Level 3.0 Armour
 + Level 3.0 Shields


You had one spell level left.
You didn't know any spells.
Your spell library contained the following spells:

 Spells                   Type           Power      Damage    Failure   Level
 Kiss of Death            Conj/Necr      0%         2d5       100%        1
 Confusing Touch          Hex            0%         N/A       100%        3
 Dazzling Flash           Conj/Hex       0%         N/A       100%        3
 Volatile Blastmotes      Fire/Tloc      0%         2d10      100%        3
 Dispel Undead            Necr           0%         3d6       100%        4
 Starburst                Conj/Fire      0%         6d3       100%        6
 Maxwell's Capacitive Co  Air            0%         ∞         100%        8


Dungeon Overview and Level Annotations

Branches:
Dungeon (2/15)

Altars:
Wu Jian

Annotations:
D:2 Terence


Innate Abilities, Weirdness & Mutations

You have sharp fingernails.


Message History

There is a stone staircase leading up here.
l - a wand of paralysis (8)
A kobold comes into view. It is wielding a +0 dagger.
A kobold is nearby!
The kobold shouts!
You hear a shout!
You hit the kobold.
The kobold is moderately wounded.
The kobold hits you but does no damage.
You hit the kobold.
The kobold is heavily wounded.
You block the kobold's attack.
You completely miss the kobold.
The kobold is heavily wounded.
Terence the Incautious comes into view.
He is wielding a +0 mace.
The kobold hits you with a +0 dagger. The kobold hits you but does no damage.
You hit the kobold but do no damage.
The kobold is heavily wounded.
The kobold hits you but does no damage.
You barely miss the kobold.
The kobold is heavily wounded.
Terence hits you with a +0 mace. The kobold hits you but does no damage.
Terence barely misses you. The kobold hits you but does no damage.
Terence hits you but does no damage. The kobold hits you but does no damage.
You block Terence's attack. The kobold hits you but does no damage.
Terence hits you but does no damage. You block the kobold's attack.
Terence hits you with a +0 mace! The kobold hits you with a +0 dagger.
You block Terence's attack. You block the kobold's attack.
Terence closely misses you. You block the kobold's attack.
Terence hits you with a +0 mace!
* * * LOW HITPOINT WARNING * * *
You block the kobold's attack. You block Terence's attack.
The kobold hits you but does no damage. Terence hits you with a +0 mace.
* * * LOW HITPOINT WARNING * * *
The kobold barely misses you. Terence hits you but does no damage.
The kobold hits you but does no damage. You block Terence's attack.
The kobold hits you but does no damage. Terence hits you with a +0 mace.
You die...
Terence says, "Time to find some more victims."

#### #.. ...
##### ###.#
##......#.@K#
#.. #....#@# #.#
##.# #..#
####.#....###.##
#......# #..#
##...#### #.##
#..<### ###.#
#..#...## ##...#
#.####..###..###
.. #........#


You could see Terence and a kobold.

Vanquished Creatures
  2 ball pythons (D:1)
  3 endoplasms (D:1)
  A giant cockroach (D:1)
  2 hobgoblins (D:1)
  2 jackals (D:1)
  2 kobolds (D:1)
  8 rats (D:1)
20 creatures vanquished.

Notes
Turn   | Place    | Note
-------+----------+-------------------------------------------
     0 | D:1      | Silvore the Demonspawn Fighter began the quest for the Orb.
     0 | D:1      | Reached XP level 1. HP: 18/18 MP: 1/1
   180 | D:1      | Gained mutation: You have sharp fingernails. [demonic
                  | ancestry]
   180 | D:1      | Reached XP level 2. HP: 21/24 MP: 2/2
   316 | D:1      | Found a faded altar of an unknown god.
   326 | D:1      | Prayed at the altar of an unknown god.
   326 | D:1      | Became a worshipper of the Wu Jian Council
   326 | D:1      | Reached * piety under Wu Jian
   796 | D:2      | Noticed Terence
   808 | D:2      | HP: 1/24 [Terence/+0 mace (3)]
   811 | D:2      | Slain by Terence

Illustrated notes

Levels and vault maps discovered:
D:1:      dpeg_chamrin_arrival_tetris, layout_rooms,
          shapermc_ecumenical_altar_gd, minmay_rat_gold_closets
D:2:      layout_rooms, basic_altar, uniq_terence

Skill      XL: |  1  2 |
---------------+-------+-----
Long Blades    | 2 |  2.0
Armour         | 3 |  3.0
Shields        | 3 |  3.0
Fighting       | |  3.2

Action                     || total
---------------------------++-------
  Melee: Long sword        ||    61
Ability: Whirlwind         ||     1
 Armour: Scale mail        ||    15
         Plate armour      ||    85
  Dodge: Dodged            ||    23
  Block: Buckler           ||    30
